 Dungeon Crawl Stone Soup version 0.29.1-1-gd02db6906a (webtiles) character file.

Game seed: 8414410113894001913

12618 Ashen the Destroyer (level 11, -3/86 HPs)
             Began as a Demonspawn Hedge Wizard on Oct 21, 2022.
             Was a Priest of Vehumet.
             Slain by a death yak simulacrum (37 damage)
             ... in an ice cave on Oct 22, 2022.
             The game lasted 01:15:48 (18176 turns).

Ashen the Destroyer (Demonspawn Hedge Wizard)      Turns: 18176, Time: 01:15:54

Health: -3/86      AC:  6    Str: 11    XL:     11   Next: 64%
Magic:  20/32      EV: 15    Int: 24    God:    Vehumet [***...]
Gold:   726        SH:  9    Dex: 12    Spells: 8/26 levels left

rFire   . . .      SeeInvis .   B - +2 whip (elec)
rCold   . . .      Faith    .   (no shield)
rNeg    . . .      Spirit   .   E - +2 robe {Archmagi}
rPois   .          Reflect  +   c - +0 hat
rElec   .          Harm     .   (no cloak)
rCorr   .          Rampage  .   S - +0 pair of gloves
Will    .....      Archmagi +   D - +0 pair of boots
Stlth   +++.......              G - amulet of reflection
HPRegen 0.24/turn               j - ring of magical power
MPRegen 0.23/turn               k - +4 ring of slaying

@: mighty
A: powered by pain 3, big brain 2, condensation shield, weakness stinger 1
a: Renounce Religion


You were in an ice cave.
You worshipped Vehumet.
Vehumet was most pleased with you.
You visited 2 branches of the dungeon, and saw 12 of its levels.
You also visited: Bailey and Ice Cave.

You collected 726 gold pieces.

Inventory:

Hand Weapons
 y - a +0 dire flail
 B - a +2 whip of electrocution (weapon)
Missiles
 M - a throwing net
 R - 5 javelins
Armour
 c - a +0 hat (worn)
 D - a +0 pair of boots (worn)
 E - a +2 robe of the Archmagi (worn)
 S - a +0 pair of gloves (worn)
Jewellery
 j - a ring of magical power (left hand)
 k - a +4 ring of slaying (right hand)
 A - a ring of poison resistance
 G - an amulet of reflection (around neck)
 J - a ring of protection from fire
 L - a ring of positive energy
 T - a ring of see invisible
Wands
 b - a wand of iceblast (4)
 p - a wand of quicksilver (6)
 r - a wand of charming (2)
 u - a wand of flame (45)
 F - a wand of mindburst (6)
Scrolls
 a - a scroll of butterflies
 f - a scroll of noise {unknown}
 g - 3 scrolls of immolation
 l - a scroll of silence {unknown}
 m - a scroll of enchant armour {unknown}
 o - a scroll of torment {unknown}
 t - 3 scrolls of fear
 w - a scroll of acquirement {unknown}
 z - a scroll of blinking {unknown}
 C - 2 scrolls of teleportation
 H - a scroll of identify
 K - a scroll of summoning {unknown}
 N - a scroll of brand weapon
 O - a scroll of poison {unknown}
 P - a scroll of enchant weapon {unknown}
 Q - a scroll of amnesia
Potions
 d - 2 potions of magic
 e - 3 potions of cancellation
 h - 6 potions of curing
 i - 2 potions of brilliance
 n - 2 potions of lignification
 q - a potion of resistance
 s - 2 potions of berserk rage
 v - 3 potions of attraction
 x - 3 potions of mutation
 I - a potion of heal wounds


   Skills:
 + Level 8.2 Fighting
 + Level 7.7 Dodging
 - Level 5.0 Stealth
 + Level 8.1 Spellcasting
 + Level 8.4 Conjurations
 - Level 2.0 Summonings
 - Level 2.0 Translocations
 + Level 4.9 Ice Magic
 + Level 4.3 Air Magic


You had 8 spell levels left.
You knew the following spells:

 Your Spells              Type           Power      Damage    Failure   Level
a - Magic Dart            Conj           100%       1d8       1%          1
b - Call Imp              Summ           29%        N/A       4%          2
c - Blink                 Tloc           58%        N/A       4%          2
d - Mephitic Cloud        Conj/Pois/Air  45%        N/A       1%          3
e - Freezing Cloud        Conj/Ice/Air   27%        6-21      4%          5
f - Slow                  Hex            56%        N/A       6%          1
g - Sticky Flame          Conj/Fire      44%        2d6       3%          4

Your spell library contained the following spells:

 Spells                   Type           Power      Damage    Failure   Level
 Conjure Flame            Conj/Fire      44%        6-21      1%          3
 Ignite Poison            Fire/Tmut/Pois 14%        N/A       5%          3
 Inner Flame              Hex/Fire       14%        N/A       5%          3
 Cause Fear               Hex            7%         N/A       54%         4
 Dispersal                Tloc           14%        N/A       99%         6
 Discord                  Hex            7%         N/A       100%        8
 Disjunction              Tloc           14%        N/A       100%        8


Dungeon Overview and Level Annotations

Branches:
Dungeon (11/15)            Temple (1/1) D:6            Lair (0/5) D:8
 Bailey (visited)           IceCv (1/1)
    Orc: D:9-12

Altars:
Ashenzari
Cheibriados
Dithmenos
Fedhas
Gozag
Hepliaklqana
Kikubaaqudgha
Makhleb
Nemelex Xobeh
Okawaru
Qazlal
Ru
Sif Muna
Trog
Uskayaw
Vehumet
Wu Jian
Xom
Yredelemnul

Shops:
D:7 :

Annotations:
D:8 3 runed translucent doors, exclusion: cyclops, Ashen's ghost, novice DsFE


Innate Abilities, Weirdness & Mutations

You are powered by pain.
You have an extremely huge brain. (Int +4)
A meltable shield of frost defends you. (SH +4)
You have a small tail.


Message History

You feel your power returning.
You hear a sizzling sound!
Casting: Sticky Flame (dangerous; 3% risk of failure)
Confirm with . or Enter, or press ? or * to list all spells.
Aiming: Sticky Flame (dangerous; 3% risk of failure)
Press: ? - help, Shift-Dir - straight line, f - polar bear simulacrum
Aim: a polar bear simulacrum (100% to hit)
You feel a surge of power!
The sticky flame hits the polar bear simulacrum.
The polar bear simulacrum is lightly damaged.
The polar bear simulacrum is covered in liquid flames!
The polar bear simulacrum burns!
The polar bear simulacrum bites you! The polar bear simulacrum freezes you!
You block the polar bear simulacrum's attack.
The polar bear simulacrum barely misses you.
You hit the polar bear simulacrum.
You tail-slap the polar bear simulacrum!
The polar bear simulacrum is severely damaged.
The polar bear simulacrum burns!
The polar bear simulacrum vaporises!
Vehumet accepts your kill.
Casting: Sticky Flame (dangerous; 3% risk of failure)
Confirm with . or Enter, or press ? or * to list all spells.
Aiming: Sticky Flame (dangerous; 3% risk of failure)
Press: ? - help, Shift-Dir - straight line, f - death yak simulacrum
Aim: a death yak simulacrum (freezing vapour, 100% to hit)
You feel a surge of power!
The sticky flame hits the death yak simulacrum.
The death yak simulacrum melts!
The death yak simulacrum is lightly damaged.
The death yak simulacrum is covered in liquid flames!
You hear a sizzling sound!
The death yak simulacrum burns!
You hit the death yak simulacrum.
The death yak simulacrum is lightly damaged.
The death yak simulacrum burns!
The death yak simulacrum gores you!!
You focus on the pain.
You feel very mighty all of a sudden. The death yak simulacrum freezes you!!!
You die...

##...
#...#
...##
#...#
##...##
##.....##
#...∩...#
#...Z...#
##..@..##
##...##
#####


You could see a death yak simulacrum (burning).

Vanquished Creatures
  Harold (D:9)
  Pikel (D:4)
  A cyclops (D:10)
  A manticore (D:9)
  A troll (D:9)
  A hornet (D:8)
  14 yaks
  A shadow (D:9)
  3 wyverns
  4 steam dragons
  2 basilisks (D:8)
  A vampire mosquito (D:9)
  6 water moccasins
  Duvessa (D:7)
  4 sky beasts
  8 orc warriors
  A black bear (D:5)
  3 ice beasts (D:6)
  4 ogres
  3 lemures
  3 centaurs
  2 kobold brigands
  2 phantoms
  2 bullfrogs
  3 gnoll sergeants (D:9)
  4 scorpions (D:5)
  2 necrophages
  Dowan (D:7)
  7 killer bees
  3 howler monkeys
  A crimson imp (D:11)
  4 jellies
  2 lava snakes (D:10)
  4 hounds
  3 orc priests
  A gnoll bouda (D:5)
  7 iguanas
  Jessica (D:3)
  14 orc wizards
  2 polar bear simulacra (IceCv)
  A wolf simulacrum (IceCv)
  19 gnolls
  7 adders
  A shadow imp (D:6)
  16 white imps
  3 ufetubi
  2 dart slugs
  38 orcs
  5 bats
  An endoplasm (D:4)
  3 giant cockroaches
  15 goblins
  13 hobgoblins
  2 jackals (D:5)
  14 kobolds
  5 quokkas
  7 ball pythons
  6 frilled lizards
  4 rats
291 creatures vanquished.

Vanquished Creatures (collateral kills)
  A two-headed ogre (D:8)
  Edmund (D:6)
  An orc warrior (D:4)
  A black bear (D:3)
  An ogre (D:4)
  A phantom (D:5)
  A scorpion (D:8)
  A gnoll bouda (D:8)
  An orc priest (D:4)
  An orc wizard (D:4)
  3 gnolls
  2 worms (D:3)
  A dart slug (D:3)
  3 orcs
  A giant cockroach (D:3)
  A goblin (Bailey)
  A hobgoblin (Bailey)
  A quokka (D:2)
  A ball python (D:3)
  2 bats (D:2)
26 creatures vanquished.

Vanquished Creatures (others)
  2 adders
  8 fungi
  17 plants (D:8)
27 creatures vanquished.

Grand Total: 344 creatures vanquished

Notes
Turn   | Place    | Note
-------+----------+-------------------------------------------
     0 | D:1      | Ashen the Demonspawn Hedge Wizard began the quest for the
                  | Orb.
     0 | D:1      | Reached XP level 1. HP: 13/13 MP: 4/4
   403 | D:1      | Reached skill level 1 in Translocations
   455 | D:1      | Gained mutation: You have a small tail. [demonic ancestry]
   455 | D:1      | Reached XP level 2. HP: 10/20 MP: 1/6
   762 | D:1      | Found a faded altar of an unknown god.
  1226 | D:1      | Learned a level 2 spell: Call Imp
  1229 | D:1      | Learned a level 2 spell: Blink
  1433 | D:2      | Reached XP level 3. HP: 25/25 MP: 3/7
  1590 | D:2      | Reached skill level 1 in Fighting
  2459 | D:3      | Noticed a black bear
  2471 | D:3      | Learned a level 3 spell: Mephitic Cloud
  2509 | D:3      | Killed a black bear
  2510 | D:3      | Reached XP level 4. HP: 32/32 MP: 1/9
  2510 | D:3      | Reached XP level 5. HP: 37/37 MP: 1/10
  2673 | D:3      | Identified the +12 sling of Dithmenos, Dancing {venom,
                  | *Corrode rF+++ Str+4}
  2976 | D:3      | Noticed Jessica
  2992 | D:3      | Killed Jessica
  3982 | D:4      | Gained mutation: You have an unusually large brain. (Int
                  | +2) [demonic ancestry]
  3982 | D:4      | Reached XP level 6. HP: 44/44 MP: 7/11
  4594 | D:4      | Noticed an orc warrior
  5067 | D:4      | Gained mutation: You sometimes gain a little power by
                  | taking damage. [demonic ancestry]
  5067 | D:4      | Reached XP level 7. HP: 51/51 MP: 5/13
  5265 | D:4      | Found an iron altar of Okawaru.
  5616 | D:5      | Entered Level 5 of the Dungeon
  5818 | D:5      | Noticed Pikel
  6738 | D:5      | Gained mutation: A meltable shield of frost defends you.
                  | (SH +4) [demonic ancestry]
  6738 | D:5      | Reached XP level 8. HP: 43/60 MP: 8/14
  7331 | D:4      | Killed Pikel
  7332 | D:4      | Reached skill level 5 in Spellcasting
  7517 | D:5      | Reached skill level 5 in Stealth
  7599 | D:5      | Reached skill level 5 in Conjurations
  7617 | D:5      | Reached skill level 5 in Fighting
  7806 | D:5      | Reached skill level 5 in Dodging
  7806 | D:5      | Gained mutation: You sometimes gain power by taking damage.
                  | [demonic ancestry]
  7806 | D:5      | Reached XP level 9. HP: 63/68 MP: 14/17
  8513 | D:6      | Noticed Edmund
  8830 | D:6      | Found a staircase to the Ecumenical Temple.
  9582 | Temple   | Entered the Ecumenical Temple
  9779 | Temple   | Became a worshipper of Vehumet
  9887 | D:6      | Learned a level 5 spell: Freezing Cloud
 10248 | D:6      | Killed Edmund
 10249 | D:6      | Reached skill level 1 in Ice Magic
 10520 | D:7      | Found a snail-covered altar of Cheibriados.
 10521 | D:7      | Found an ancient bone altar of Kikubaaqudgha.
 10521 | D:7      | Found an opulent altar of Gozag.
 10523 | D:7      | Found a basalt altar of Yredelemnul.
 10549 | D:7      | Noticed Duvessa
 10576 | D:7      | Killed Duvessa
 10593 | D:7      | Noticed Dowan
 10598 | D:7      | Killed Dowan
 10646 | D:7      | Found a flagged portal.
 10722 | Bailey   | Entered a bailey
 10725 | Bailey   | Learned a level 1 spell: Slow
 10886 | Bailey   | Gained mutation: You have an extremely huge brain. (Int +4)
                  | [demonic ancestry]
 10886 | Bailey   | Reached XP level 10. HP: 73/77 MP: 19/19
 10995 | Bailey   | Reached * piety under Vehumet
 10995 | Bailey   | Offered knowledge of Sandblast by Vehumet.
 11084 | Bailey   | Noticed an orc warlord
 11104 | Bailey   | Noticed an orc knight
 11542 | D:7      | Identified the +0 chain mail of Omission {rPois Slay+3}
 11695 | D:7      | Found Mitolla's Book Shoppe.
 11786 | D:7      | Reached skill level 1 in Air Magic
 12667 | D:8      | Found a runed translucent gate.
 12668 | D:8      | Found a runed translucent gate.
 12670 | D:8      | Found a runed translucent gate.
 12670 | D:8      | Noticed Ashen's ghost (novice DsFE)
 12713 | D:8      | Paralysed by a hornet for 2 turns
 12949 | D:8      | Found a staircase to the Lair.
 13044 | D:8      | Offered knowledge of Poisonous Vapours by Vehumet.
 13050 | D:8      | Reached ** piety under Vehumet
 13190 | D:8      | Noticed a cyclops
 13991 | D:9      | Noticed a two-headed ogre
 14010 | D:8      | Killed a two-headed ogre
 14693 | D:9      | Gained mutation: You are powered by pain. [demonic
                  | ancestry]
 14693 | D:9      | Reached XP level 11. HP: 62/84 MP: 22/22
 14845 | D:9      | Noticed Harold
 14899 | D:9      | Killed Harold
 15949 | D:9      | Offered knowledge of Dazzling Flash by Vehumet.
 16398 | D:10     | Entered Level 10 of the Dungeon
 16668 | D:10     | Reached *** piety under Vehumet
 17552 | D:11     | Found a frozen archway.
 17740 | D:11     | Offered knowledge of Sticky Flame by Vehumet.
 18163 | D:11     | Learned a level 4 spell: Sticky Flame
 18164 | IceCv    | Entered an ice cave
 18176 | IceCv    | Slain by a death yak simulacrum

Illustrated notes

Levels and vault maps discovered:
D:1:      minmay_arrival_arboretum_small, layout_loops_ring,
          chequers_ecumenical_altar_simple, minmay_tiny_reverse_x
D:2:      layout_basic, minmay_tetromino_t2
D:3:      layout_basic, kennysheep_jessica_study
D:4:      layout_basic, okawaru_metal_pillars_1_2, serial_aquarium,
          aquarium_bridge_square [aquarium_subvault_wall,
          aquarium_subvault_bridge, aquarium_subvault_bridge,
          aquarium_subvault_window], aquarium_window_fake, aquarium_window_2,
          aquarium_window_2, aquarium_window_fake, aquarium_view_2b,
          aquarium_view_2a, guppyfry_early_orc_mine
D:5:      minmay_razor_zed, layout_rooms, st_stairs_9, minmay_door_square,
          uniq_pikel
D:6:      layout_cave_pools, minmay_temple_entry_slanted, minmay_diced_spiral,
          uniq_edmund
D:7:      layout_basic, grunt_temple_overflow_open, enter_bailey_8,
          serial_shops, nicolae_shop_waterfront, uniq_duvessa
D:8:      layout_cave_pods, minmay_lair_entry_grove,
          gammafunk_ghost_nasty_kobolds
D:9:      layout_irregular_city, minmay_bent, uniq_harold
D:10:     layout_basic, mainiacjoe_overflow_cross_hatched,
          hangedman_decor_points, kennysheep_boxes
D:11:     layout_basic, gauntlet_entry_generic, portal_ice_cave_entry_imps,
          nicolae_trove_entry_isolated, minmay_fire_ice_demons, uniq_josephine
Temple:   bh_familiar_temple
IceCv:    ice_cave_small_necro

Skill      XL: |  1  2  3  4  5  6  7  8  9 10 11 |
---------------+----------------------------------+-----
Translocations | 1 2 |  2.0
Dodging        | 2 3 5 6 7 |  7.7
Stealth        | 2 3 4 5 |  5.0
Fighting       | 1 2 3 5 6 7 8 |  8.2
Conjurations   | 2 3 5 6 7 8 |  8.4
Summonings     | 2 |  2.0
Spellcasting   | 4 5 6 7 8 |  8.1
Ice Magic      | 1 3 4 |  4.9
Air Magic      | 3 4 |  4.3

Action                   |  1- 3 |  4- 6 |  7- 9 | 10-12 || total
-------------------------+-------+-------+-------+-------++-------
Melee: Flail             |    27 |    34 |     1 |       ||    62
       Tailslap          |     2 |     4 |    31 |    40 ||    77
       Dire flail        |       |       |    73 |       ||    73
       Whip              |       |       |   137 |   223 ||   360
       Punch             |       |       |     1 |     4 ||     5
 Cast: Magic Dart        |    68 |    88 |   186 |   144 ||   486
       Call Imp          |     3 |    16 |    27 |    23 ||    69
       Mephitic Cloud    |       |       |    40 |    25 ||    65
       Blink             |       |       |     2 |    10 ||    12
       Slow              |       |       |       |    15 ||    15
       Freezing Cloud    |       |       |       |    29 ||    29
       Sticky Flame      |       |       |       |     3 ||     3
Evoke: Wand              |       |     1 |     8 |     5 ||    14
  Use: Scroll            |       |       |    10 |     8 ||    18
       Potion            |       |       |     7 |     6 ||    13
 Stab: Sleeping          |     4 |     4 |     5 |       ||    13
       Confused          |       |       |     6 |     7 ||    13
       Distracted        |       |       |       |     1 ||     1
Armor: Robe              |     8 |    13 |    17 |    45 ||    83
       Skin              |       |       |    19 |     8 ||    27
Dodge: Dodged            |    23 |    35 |   116 |   176 ||   350
Block: Other             |       |       |    19 |    43 ||    62
